 Dungeon Crawl Stone Soup version 0.24.0-37-gcf1ca852f1 (webtiles) character file.

Game seed: 2293633464779125618, levelgen mode: deterministic

70 Descartes the Skirmisher (level 4, -1/55 HPs)
             Began as a Formicid Abyssal Knight on Nov 22, 2019.
             Was a Follower of Lugonu.
             Slain by Sigmund
             ... wielding a +0 scythe
              (3 damage)
             ... on level 4 of the Dungeon.
             The game lasted 00:05:12 (1895 turns).

Descartes the Skirmisher (Formicid Abyssal Knight)  Turns: 1895, Time: 00:05:13

Health: -1/55      AC: 22    Str: 26    XL:     4   Next: 45%
Magic:  14/14      EV:  2    Int: 14    God:    Lugonu [*.....]
Gold:   195        SH:  0    Dex: 10    Spells: 3/3 levels left

rFire    . . .     SeeInvis .   a - +1 hand axe
rCold    . . .     Gourm    +   (no shield)
rNeg     + + +     Faith    .   (armour currently unavailable)
rPois    +         Spirit   .   (helmet unavailable)
rElec    .         Reflect  .   (cloak currently unavailable)
rCorr    .         Harm     .   (gloves currently unavailable)
MR       .....                  (boots currently unavailable)
Stlth    +.........             h - amulet "Vidaoffego" {Gourm Str+4 Slay+5}
HPRegen  0.18/turn              l - ring of magical power
MPRegen  0.14/turn              (no ring)

@: mighty, tree-form
A: permanent stasis, dig shafts and tunnels, four strong arms, clever 1
a: Depart the Abyss, Renounce Religion


You were on level 4 of the Dungeon.
You worshipped Lugonu.
Lugonu was aware of your devotion.
You were not hungry.
You were a tree.
You visited 1 branch of the dungeon, and saw 3 of its levels.
You visited the Abyss 1 time.

You collected 195 gold pieces.

Inventory:

Hand Weapons
 a - a +1 hand axe (weapon)
Missiles
 f - 64 stones (quivered)
 n - 18 arrows
Armour
 b - a +0 leather armour
 e - a +0 pair of gloves (melded)
 j - a +0 cloak (melded)
 k - a +0 ring mail (melded)
Jewellery
 h - the amulet "Vidaoffego" (around neck) {Gourm Str+4 Slay+5}
   (You acquired it on level 1 of the Dungeon)

   [amulet of the gourmand]

   It allows you to eat raw meat even when not hungry.
   It affects your strength (+4).
   It affects your accuracy and damage with ranged weapons and melee attacks
   (+5).
 l - a ring of magical power (left branch)
Scrolls
 p - a scroll of enchant weapon {unknown}
Potions
 g - a potion of degeneration {unknown}
Comestibles
 c - 4 rations
 q - 2 chunks of flesh


   Skills:
 + Level 4.1 Fighting
 + Level 2.8 Axes
 + Level 3.1 Armour
 + Level 1.0 Dodging
 + Level 0.1 Stealth
 + Level 2.5 Invocations


You had 3 spell levels left.
You didn't know any spells.
Your spell library was empty.

Dungeon Overview and Level Annotations

Branches:
Dungeon (2/15)

Altars:
Qazlal
Uskayaw

Annotations:
D:4 Sigmund


Innate Abilities, Weirdness & Mutations

You cannot be hasted, slowed, berserked, paralysed or teleported.
You can dig through walls and to a lower floor.
Your four strong arms can wield two-handed weapons with a shield.
((You have a pair of large antennae on your head. (SInv)))
((You have sharp fingernails.))
Your mind is acute. (Int +2)
((Your flesh is cold resistant. (rC+)))


Message History

It was a potion of curing.
You feel better. The adder bites you but does no damage. The adder bites you.
It was a potion of might.
You feel very mighty all of a sudden. The adder bites you.
You slash the adder!
You kill the adder!
Lugonu accepts your kill. The quokka closely misses you.
You slash the quokka!
You kill the quokka!
Lugonu accepts your kill.
Sigmund hits you from afar with a +0 scythe!
* * * LOW HITPOINT WARNING * * *
It was a potion of lignification.
You turn into a tree.
Your +0 cloak melds into your body.
Your +0 pair of gloves melds into your body.
Your +0 ring mail melds into your body.
Your roots penetrate the ground.
Something hits you.
You die...

########### #.....##..#
#.........# #..##.##.#
#######..##.##.#
#....@........(##.
#†######.######.#. #♣#
#.##.......
#########.######.##.###.##
...........@......#.# ##@#
######.#>######..#.# #.##
#.#.# #..#.# ##.# #.#.#
#..#.# #.## #@#.####
#....# ##.# #.#.÷..#
#...## #.## #.###..###..@#
##.#


There were no monsters in sight!

Vanquished Creatures
  A gnoll (D:1)
  3 adders
  A dart slug (D:1)
  4 leopard geckos
  5 bats
  A giant cockroach (D:1)
  4 hobgoblins (D:1)
  A quokka (D:4)
  2 frilled lizards
  3 goblins
  A kobold (D:2)
  7 rats
33 creatures vanquished.

Notes
Turn   | Place    | Note
-------+----------+-------------------------------------------
     0 | Abyss:1  | Descartes the Formicid Abyssal Knight began the quest for
                  | the Orb.
     0 | Abyss:1  | Reached XP level 1. HP: 18/18 MP: 2/2
    48 | Abyss:1  | Found a corrupted altar of Lugonu.
    61 | Abyss:1  | Found a corrupted altar of Lugonu.
   142 | Abyss:3  | Noticed a worldbinder
   144 | Abyss:3  | Noticed a mana viper
   144 | Abyss:3  | Noticed a black mamba
   152 | Abyss:3  | Noticed a naga
   152 | D:1      | Escaped the Abyss
   569 | D:1      | Reached * piety under Lugonu
   629 | D:1      | Reached XP level 2. HP: 19/25 MP: 3/3
   849 | D:1      | Reached XP level 3. HP: 13/30 MP: 4/4
   849 | D:1      | Reached skill level 4 in Fighting
  1360 | D:1      | Identified a scroll of acquirement
  1361 | D:1      | Got a warped emerald amulet
  1362 | D:1      | Identified the amulet "Vidaoffego" {Gourm Str+4 Slay+5}
                  | (You acquired it on level 1 of the Dungeon)
  1406 | D:2      | Reached skill level 1 in Dodging
  1473 | D:2      | Found a stormy altar of Qazlal.
  1484 | D:2      | Reached XP level 4. HP: 27/37 MP: 5/5
  1609 | D:2      | Noticed a +0 dagger
  1610 | D:2      | Found a hide-covered altar of Uskayaw.
  1611 | D:2      | Noticed a +0 hand axe
  1795 | D:2      | You fall into a shaft and drop 2 floors!
  1805 | D:4      | Noticed Sigmund
  1886 | D:4      | Gained mutation: Your flesh is cold resistant. (rC+)
                  | [potion of mutation]
  1886 | D:4      | Gained mutation: Your mind is acute. (Int +2) [potion of
                  | mutation]
  1886 | D:4      | Gained mutation: You have sharp fingernails. [potion of
                  | mutation]
  1893 | D:4      | HP: 1/37 [Sigmund/+0 scythe (11)]
  1895 | D:4      | Slain by Sigmund

Levels and vault maps discovered:
D:1:      minmay_arrival_shattered_statue, layout_basic, serial_bayou_lagoon_a,
          grunt_decor_arrowhead
D:2:      layout_loops_ring, dancing_weapons_uskayaw,
          nicolae_qazlal_general_emergency, first_ration
D:4:      layout_loops_ring, gammafunk_temple_overflow_claw,
          minmay_misc_feat_secret_circle, columned_hall_lemuel,
          lemuel_statue_altar, uniq_edmund, uniq_pikel, uniq_sigmund,
          uniq_duvessa, uniq_grinder

Skill      XL: |  1  2  3  4 |
---------------+-------------+-----
Fighting       | 4 |  4.1
Dodging        | 1 |  1.0
Armour         | 3 |  3.1
Axes           | |  2.8
Stealth        | |  0.1
Invocations    | |  2.5

Action                   |  1- 3 |  4- 6 || total
-------------------------+-------+-------++-------
Melee: Hand axe          |    61 |    11 ||    72
Invok: Depart the Abyss  |     1 |       ||     1
 Abil: Dig               |       |     2 ||     2
  Use: Scroll            |     6 |       ||     6
       Potion            |       |     5 ||     5
  Eat: Chunk             |     2 |     4 ||     6
Armor: Leather armour    |    10 |       ||    10
       Ring mail         |     3 |    11 ||    14
Dodge: Dodged            |    43 |    12 ||    55
